Map: King Sejong Station LE

Players

Harstem

  • Race: Protoss Protoss
  • League: Master

Elazer - Winner!

  • Race: Zerg Zerg
  • League: Grandmaster

Event: Polygon Gaming Invitational 3

VOD

Have the link to the VOD?

Description

Time

  • Played on: July 23, 2016, 2:40 p.m.
  • Length: 11:18

All games in this series

Show
View Real Time Build Order
Export as new Build Order

Harstem Protoss 

Build Orders: 1 Gate Expand 

Get SALT Encoding   

  12  0:01  Probe (Chrono Boost)  
  13  0:11  Probe (Chrono Boost)  
  14  0:18  Pylon  
  14  0:22  Probe (Chrono Boost)  
  15  0:36  Probe (Chrono Boost)  
  15  0:41  Gateway  
  16  0:47  Probe (Chrono Boost)  
  17  0:50  Assimilator  
  17  0:57  Probe (Chrono Boost)  
  18  1:08  Probe (Chrono Boost)  
  20  1:18  Probe (Chrono Boost)  
  20  1:26  Nexus  
  20  1:35  Cybernetics Core  
  20  1:38  Probe (Chrono Boost)  
  21  1:46  Pylon  
  21  1:49  Probe (Chrono Boost)  
  21  1:53  Assimilator  
  22  1:59  Probe (Chrono Boost)  
  23  2:07  Warp Gate  
  23  2:09  Adept  
  23  2:11  Probe (Chrono Boost)  
  26  2:25  Probe (Chrono Boost)  
  26  2:28  Twilight Council  
  27  2:36  Adept  
  30  2:37  Probe (Chrono Boost)  
  30  2:40  Probe (Chrono Boost)  
  30  2:49  Probe (Chrono Boost)  
  30  2:50  Probe (Chrono Boost)  
  30  2:51  Resonating Glaives  
  32  3:01  Probe (Chrono Boost)  
  32  3:02  Probe (Chrono Boost)  
  34  3:07  Gateway  
  34  3:09  Gateway  
  36  3:12  Probe (Chrono Boost)  
  36  3:14  Probe (Chrono Boost)  
  36  3:17  Adept  
  38  3:25  Probe (Chrono Boost), Pylon  
  40  3:28  Probe (Chrono Boost)  
  40  3:37  Probe (Chrono Boost)  
  40  3:40  Adept  
  43  3:42  Mothership Core (Chrono Boost)  
  46  3:48  Pylon  
  46  3:49  Probe (Chrono Boost)  
  46  4:01  Probe (Chrono Boost)  
  47  4:06  Probe (Chrono Boost), Nexus  
  47  4:08  Pylon  
  48  4:11  Probe (Chrono Boost)  
  49  4:17  Adept x3  
  49  4:20  Probe (Chrono Boost)  
  49  4:22  Probe (Chrono Boost)  
  57  4:24  Pylon  
  58  4:32  Probe (Chrono Boost)  
  58  4:33  Robotics Facility  
  58  4:37  Probe (Chrono Boost), Sentry x2  
  63  4:44  Probe (Chrono Boost)  
  64  4:46  Sentry  
  64  4:47  Assimilator  
  64  4:49  Probe (Chrono Boost)  
  64  4:51  Assimilator  
  67  4:58  Probe (Chrono Boost)  
  68  5:02  Probe (Chrono Boost)  
  67  5:11  Probe (Chrono Boost)  
  67  5:13  Probe (Chrono Boost)  
  65  5:15  Warp Prism  
  65  5:19  Sentry, Stalker  
  72  5:23  Probe (Chrono Boost)  
  72  5:25  Probe (Chrono Boost), Stalker  
  72  5:26  Probe (Chrono Boost)  
  72  5:27  Forge, Gateway  
  76  5:32  Blink  
  76  5:33  Pylon  
  76  5:35  Probe (Chrono Boost)  
  77  5:37  Probe (Chrono Boost)  
  77  5:38  Probe (Chrono Boost)  
  79  5:43  Pylon  
  79  5:45  Sentry  
  79  5:47  Probe (Chrono Boost)  
  79  5:48  Probe (Chrono Boost)  
  83  5:52  Probe (Chrono Boost), Immortal  
  83  5:54  Protoss Ground Weapons Level 1  
  88  5:59  Probe (Chrono Boost)  
  88  6:00  Probe (Chrono Boost)  
  88  6:04  Probe (Chrono Boost), Gateway  
  91  6:08  Pylon  
  93  6:11  Probe (Chrono Boost)  
  93  6:12  Probe (Chrono Boost), Gateway  
  93  6:16  Probe (Chrono Boost)  
  94  6:28  Stalker x3  
  94  6:30  Probe (Chrono Boost)  
  94  6:31  Assimilator  
  101  6:34  Gateway  
  101  6:38  Probe x2 (Chrono Boost), Photon Cannon, Assimilator  
  101  6:39  Pylon  
  103  6:40  Phoenix  
  103  6:41  Observer, Gateway  
  103  6:44  Stalker  
  106  6:52  Probe x2 (Chrono Boost), Sentry x2  
  106  6:53  Stalker  
  114  6:57  Warp Prism  
  114  7:00  Probe (Chrono Boost)  
  107  7:04  Photon Cannon  
  109  7:08  Stalker  
  109  7:09  Stalker  
  113  7:19  Stalker x3  
  113  7:22  Pylon  
  119  7:23  Pylon  
  119  7:24  Pylon  
  119  7:36  Robotics Bay  
  119  7:38  Robotics Facility  
  119  7:39  Pylon  
  119  7:50  Adept x5  
  129  7:57  Observer, Photon Cannon, Pylon  
  129  8:03  Pylon  
  130  8:11  Photon Cannon  
  130  8:15  Adept  
  130  8:16  Adept x2  
  130  8:17  Adept x2  
  130  8:18  Adept x2  
  138  8:29  Disruptor  
  138  8:31  Disruptor  
  137  8:38  Stalker x2  
  137  8:39  Stalker x5  
  137  8:53  Probe (Chrono Boost), Observer Gravitic Boosters  
  126  9:03  Stalker  
  126  9:05  Observer  
  126  9:06  Adept x6  
  126  9:07  Adept  
  139  9:14  Observer  
  110  9:27  Observer  
  111  9:33  Adept x6  
  111  9:37  Nexus  
  123  9:40  Photon Cannon  
  123  9:44  Photon Cannon  
  123  9:46  Sentry  
  123  9:47  Adept  
  127  9:56  Probe (Chrono Boost)  
  128  10:01  Assimilator  
  128  10:02  Pylon  
  128  10:11  Sentry x2  
  130  10:17  Adept, Nexus  
  128  10:24  Disruptor  
  128  10:28  Photon Cannon  
  131  10:30  Photon Cannon  
  130  10:39  Stalker  
  130  10:40  Adept x2  
  130  10:42  Photon Cannon  
  136  10:43  Stalker  
  137  10:55  Adept x4  
  129  11:12  Adept x4  
Show
View Real Time Build Order
Export as new Build Order

Elazer Zerg - Winner!

Build Orders: Hatch First, Lurkers 

Get SALT Encoding   

  12  0:00  Drone  
  13  0:12  Overlord  
  13  0:17  Drone  
  14  0:30  Drone x2  
  14  0:34  Drone  
  17  0:51  Hatchery  
  17  0:54  Drone  
  17  0:57  Drone  
  18  1:07  Extractor  
  17  1:12  Spawning Pool  
  17  1:15  Drone  
  17  1:18  Drone  
  18  1:28  Drone  
  19  1:39  Overlord  
  19  1:50  Drone  
  20  1:58  Queen  
  20  2:00  Drone  
  23  2:03  Queen, Zergling x2  
  23  2:06  Metabolic Boost  
  26  2:10  Drone  
  26  2:14  Drone  
  28  2:31  Hatchery, Drone  
  28  2:35  Drone  
  29  2:40  Queen  
  31  2:47  Zergling x4  
  33  2:53  Overlord  
  33  2:54  Drone  
  33  2:55  Drone  
  33  2:58  Drone  
  35  3:07  Drone  
  35  3:12  Drone x2, Overlord  
  38  3:13  Drone x2  
  38  3:14  Drone  
  41  3:23  Drone  
  44  3:30  Drone  
  45  3:38  Extractor  
  45  3:39  Roach Warren  
  45  3:41  Drone x2  
  43  3:46  Drone x2, Extractor  
  43  3:47  Drone x3  
  47  3:51  Overlord  
  47  3:52  Drone x2  
  47  3:53  Drone  
  50  3:56  Drone x2  
  50  4:01  Lair  
  52  4:03  Drone x2  
  54  4:11  Overlord  
  54  4:19  Overlord  
  54  4:20  Roach x5  
  64  4:26  Roach  
  66  4:32  Spine Crawler  
  66  4:33  Roach x3  
  66  4:36  Overlord  
  71  4:40  Roach  
  71  4:41  Drone x2  
  71  4:42  Drone  
  71  4:43  Drone  
  77  4:46  Drone  
  77  4:47  Drone  
  77  4:49  Drone  
  77  4:52  Drone x2  
  82  4:55  Queen  
  82  5:01  Drone x2  
  82  5:04  Drone  
  82  5:05  Drone x4  
  85  5:09  Overlord  
  85  5:12  Drone x2  
  85  5:14  Glial Reconstitution  
  85  5:19  Overlord  
  85  5:23  Extractor  
  85  5:24  Drone, Extractor  
  85  5:25  Extractor, Hydralisk Den  
  85  5:27  Drone x3  
  85  5:32  Drone  
  85  5:33  Drone x2  
  85  5:34  Evolution Chamber  
  87  5:37  Drone x3  
  90  5:45  Overlord  
  90  5:51  Drone x2  
  90  5:52  Drone x2  
  90  5:55  Lurker Den  
  94  6:00  Zerg Missile Weapons Level 1  
  94  6:03  Hatchery  
  93  6:09  Overseer  
  93  6:14  Hydralisk x4  
  93  6:15  Hydralisk x2  
  105  6:21  Ravager  
  102  6:28  Drone x2  
  102  6:29  Drone x2  
  106  6:33  Overlord  
  106  6:36  Hydralisk x3  
  112  6:44  Overlord x3  
  106  7:01  Hydralisk  
  106  7:02  Hydralisk x2  
  106  7:03  Zergling x16  
  120  7:10  Ravager x3  
  120  7:11  Overlord  
  123  7:18  Zergling x18  
  132  7:25  Muscular Augments  
  132  7:26  Lurker x4  
  132  7:29  Queen  
  138  7:37  Overlord  
  138  7:46  Overseer  
  138  7:48  Lurker x2  
  138  7:49  Zergling x20  
  138  7:50  Zergling x12  
  156  7:54  Zerg Ground Armor Level 1, Spore Crawler  
  156  7:55  Spine Crawler  
  156  7:56  Spine Crawler, Spore Crawler  
  156  7:58  Spine Crawler  
  151  7:59  Drone x2  
  151  8:02  Drone x2  
  151  8:04  Drone x2  
  157  8:13  Hydralisk x4  
  140  8:31  Hydralisk x8  
  130  8:53  Hydralisk  
  130  8:54  Hydralisk x5  
  137  8:57  Queen  
  134  9:08  Overlord  
  132  9:13  Zergling x4  
  132  9:14  Zergling x16  
  126  9:22  Drone  
  126  9:23  Overlord  
  126  9:25  Lurker  
  126  9:26  Lurker x4  
  126  9:27  Lurker  
  126  9:29  Drone x2  
  126  9:30  Zergling x6  
  126  9:31  Zergling x16  
  145  9:35  Lurker  
  145  9:37  Lurker  
  144  9:42  Overlord  
  144  9:54  Zergling x2  
  144  9:55  Zergling x16  
  144  9:58  Pneumatized Carapace  
  153  10:02  Lurker  
  153  10:04  Overlord  
  154  10:08  Overlord x2  
  154  10:09  Overlord  
  154  10:13  Queen  
  153  10:21  Hydralisk x5  
  151  10:26  Zergling x12  
  162  10:48  Overseer  
Tags
 
Add a new tag
Caveats
  • Supply blocks, unpowered buildings, or Contaminate may cause inaccurate times.
  • Supply counts are checked every 10 seconds.